 Dungeon Crawl Stone Soup version 0.30-a0-715-gdb4ae3ece1 (webtiles) character file.

Game seed: 12568078081943185960

798 Absynth the Insei (level 7, -10/48 HPs)
             Began as a Demonspawn Transmuter on Jan 24, 2023.
             Mangled by a two-headed ogre
             ... wielding a +0 giant club
              (26 damage)
             ... on level 5 of the Dungeon.
             The game lasted 00:08:11 (3477 turns).

Absynth the Insei (Demonspawn Transmuter)           Turns: 3477, Time: 00:08:11

Health: -10/48     AC: 12    Str: 10    XL:     7   Next: 58%
Magic:  11/12      EV: 17    Int: 16    God:
Gold:   301        SH:  0    Dex: 14    Spells: 10/13 levels left

rFire   . . .      SeeInvis .      - Unarmed
rCold   . . .      Faith    .    (no shield)
rNeg    . . .      Spirit   .    q - +3 leather armour
rPois   .          Reflect  .    (helmet currently unavailable)
rElec   .          Harm     .    (no cloak)
rCorr   .          Rampage  .    (no gloves)
Will    +....                    (boots currently unavailable)
Stlth   +                        (no amulet)
HPRegen 0.28/turn                f - +5 ring of evasion
MPRegen 0.13/turn                y - ring of willpower

@: appendages, sanguine armoured
A: horns 2, talons 2, demonic guardian 1, sanguine armour 1, demonic magic 1
a: End Transformation


You were on level 5 of the Dungeon.
You had temporarily grown beastly horns and talons.
You visited 1 branch of the dungeon, and saw 5 of its levels.

You collected 301 gold pieces.

Inventory:

Missiles
 c - 9 boomerangs
 g - 4 poisoned darts (quivered)
Armour
 a - a +0 robe
 p - a +2 pair of boots
 q - a +3 leather armour (worn)
 u - a +0 pair of boots (melded)
Jewellery
 f - a +5 ring of evasion (left hand)
 o - a ring of protection from cold
 y - a ring of willpower (right hand)
Scrolls
 j - 7 scrolls of teleportation {unknown}
 k - a scroll of noise {unknown}
 l - 3 scrolls of identify {unknown}
 m - 2 scrolls of amnesia {unknown}
 r - a scroll of immolation {unknown}
 s - 2 scrolls of fog {unknown}
 t - a scroll of brand weapon {unknown}
 w - 2 scrolls of vulnerability {unknown}
 x - 2 scrolls of poison {unknown}
Potions
 b - 2 potions of lignification
 d - 2 potions of brilliance {unknown}
 e - a potion of haste {unknown}
 h - 2 potions of heal wounds
 i - 4 potions of curing {unknown}
 n - 2 potions of berserk rage {unknown}
 v - a potion of might {unknown}
 z - a potion of cancellation {unknown}


   Skills:
 - Level 1.0 Fighting
 + Level 3.5 Dodging
 * Level 5.2 Unarmed Combat
 + Level 3.6 Spellcasting
 * Level 4.8 Transmutations


You had 10 spell levels left.
You knew the following spells:

 Your Spells              Type           Power      Damage    Failure   Level
a - Beastly Appendage     Tmut           36%        N/A       3%          1
w - Wereblood             Tmut           18%        N/A       4%          2

Your spell library contained the following spells:

 Spells                   Type           Power      Damage    Failure   Level
 Apportation              Tloc           4%         N/A       24%         1
 Spider Form              Tmut/Pois      10%        N/A       26%         3
 Ice Form                 Ice/Tmut       10%        N/A       65%         4
 Alistair's Intoxication  Tmut/Pois      6%         N/A       94%         5


Dungeon Overview and Level Annotations

Branches:
Dungeon (5/15)
 Temple: D:4-7

Altars:
Qazlal


Innate Abilities, Weirdness & Mutations

You have temporarily grown beastly horns and talons.
A weak demonic guardian rushes to your aid.
When seriously injured, your blood forms armour. (AC +6)
Spells you cast may paralyse adjacent enemies.


Message History

Throw: 5 darts (poison)
Press: ? - help, Q - select action, (/) - cycle Shift-Dir - straight line, f/p - two-headed ogre
Aim: a two-headed ogre, wielding two +0 giant clubs (very poisoned, 73% to hit)
You throw a poisoned dart.
The poisoned dart hits the two-headed ogre.
Casting: Beastly Appendage (safe; 3% risk of failure)
Confirm with . or Enter, or press ? or * to list all spells.
You grow a pair of large bovine horns.
Your feet morph into talons.
Your +0 pair of boots melds into your body.
Malevolent energies surge around you.
You hit the two-headed ogre. You claw the two-headed ogre.
The two-headed ogre is lightly wounded.
You hit the two-headed ogre. Your kick misses the two-headed ogre.
The two-headed ogre is lightly wounded.
The two-headed ogre closely misses you.
The two-headed ogre hits you with a +0 giant club.
You barely miss the two-headed ogre. You headbutt the two-headed ogre.
The two-headed ogre is moderately wounded.
An orc comes into view. It is wielding a +0 falchion.
The two-headed ogre barely misses you.
The two-headed ogre hits you with a +0 giant club.
The orc shouts!
You hit the two-headed ogre.
You claw the two-headed ogre, but do no damage.
The two-headed ogre is moderately wounded.
You hit the two-headed ogre but do no damage.
Your kick misses the two-headed ogre. You headbutt the two-headed ogre!
The two-headed ogre is heavily wounded.
The two-headed ogre completely misses you.
The two-headed ogre hits you with a +0 giant club!!
* * * LOW HITPOINT WARNING * * *
Your blood congeals into armour.
You hit the two-headed ogre but do no damage.
You claw the two-headed ogre.
The two-headed ogre is heavily wounded.
You barely miss the two-headed ogre. You headbutt the two-headed ogre.
The two-headed ogre is heavily wounded.
The two-headed ogre hits you with a +0 giant club!!
Ouch! That really hurt!
You die...

#...... .# ...
#......##.##...
..............#
..............#
...o...........
....(........^.
#..............
......O@.......
.............##
.......####....
#..##.. ... ##
##. # #. #. ##


You could see a two-headed ogre (poisoned) and an orc.

Vanquished Creatures
  Pikel (D:4)
  2 lemures (D:4)
  3 wights (D:4)
  An orc priest (D:3)
  2 adders
  2 dart slugs (D:2)
  3 orcs
  5 endoplasms
  2 giant cockroaches
  6 goblins
  4 hobgoblins
  2 jackals (D:1)
  7 quokkas
  4 ball pythons
  5 frilled lizards
  4 kobolds
  4 rats
57 creatures vanquished.

Vanquished Creatures (collateral kills)
  A water moccasin (D:4)
1 creature vanquished.

Grand Total: 58 creatures vanquished

Notes
Turn   | Place    | Note
-------+----------+-------------------------------------------
     0 | D:1      | Absynth the Demonspawn Transmuter began the quest for the
                  | Orb.
     0 | D:1      | Reached XP level 1. HP: 15/15 MP: 3/3
   573 | D:1      | Gained mutation: When seriously injured, your blood forms
                  | armour. (AC +6) [demonic ancestry]
   573 | D:1      | Reached XP level 2. HP: 20/21 MP: 3/5
   849 | D:2      | Reached skill level 3 in Unarmed Combat
   990 | D:2      | Gained mutation: A weak demonic guardian rushes to your
                  | aid. [demonic ancestry]
   990 | D:2      | Reached XP level 3. HP: 26/26 MP: 4/6
  1391 | D:2      | Found a faded altar of an unknown god.
  1614 | D:2      | Learned a level 2 spell: Wereblood
  1779 | D:3      | Found a stormy altar of Qazlal.
  2082 | D:3      | Reached XP level 4. HP: 26/32 MP: 2/7
  2420 | D:4      | Noticed a lemure
  2420 | D:4      | Noticed a lemure
  2471 | D:4      | Killed a lemure
  2737 | D:4      | Noticed a water moccasin
  2754 | D:4      | Killed a water moccasin
  2755 | D:4      | Reached skill level 4 in Unarmed Combat
  2755 | D:4      | Reached XP level 5. HP: 5/37 MP: 7/9
  2904 | D:4      | Killed a lemure
  3033 | D:4      | Gained mutation: Spells you cast may paralyse adjacent
                  | enemies. [demonic ancestry]
  3033 | D:4      | Reached XP level 6. HP: 38/43 MP: 8/10
  3076 | D:4      | Noticed Pikel
  3092 | D:4      | Killed Pikel
  3093 | D:4      | Reached skill level 5 in Unarmed Combat
  3093 | D:4      | Reached XP level 7. HP: 15/48 MP: 10/12
  3466 | D:5      | Entered Level 5 of the Dungeon
  3466 | D:5      | Noticed a two-headed ogre
  3477 | D:5      | Mangled by a two-headed ogre

Illustrated notes

Levels and vault maps discovered:
D:1:      amcnicky_arrival_blooded_trapdoor, layout_basic, serial_bayou_pond_e
D:2:      layout_basic, shapermc_ecumenical_altar_mp_vishouse
D:3:      layout_basic, nicolae_qazlal_general_emergency, st_stairs_8
D:4:      layout_loops_ring, chequers_serial_rivers_micro_c,
          hangedman_decor_clover_reticule, uniq_pikel
D:5:      layout_cave_pools, lemuel_coloured_pillars_altar,
          nicolae_vehumet_altar_sigil, minmay_temple_entry_overgrown,
          minmay_misc_feat_tiny

Skill      XL: |  1  2  3  4  5  6 |
---------------+-------------------+-----
Transmutations | 2 3 4 |  4.8
Unarmed Combat | 3 4 5 |  5.2
Dodging        | 2 3 |  3.5
Spellcasting   | 3 |  3.6
Fighting       | |  1.0

Action                     |  1- 3 |  4- 6 |  7- 9 || total
---------------------------+-------+-------+-------++-------
  Melee: Unarmed           |    97 |   103 |    18 ||   218
         Headbutt          |     7 |    17 |     5 ||    29
         Kick              |    14 |    27 |     4 ||    45
         Punch             |     3 |     2 |       ||     5
  Throw: Boomerang         |       |     3 |       ||     3
         Dart              |       |     2 |     3 ||     5
   Cast: Beastly Appendage |    22 |    12 |     4 ||    38
         Wereblood         |     1 |     1 |       ||     2
    Use: Potion            |       |     1 |       ||     1
   Stab: Sleeping          |     1 |       |     1 ||     2
         Paralysed         |       |     6 |       ||     6
 Armour: Robe              |     4 |       |       ||     4
         Leather armour    |     9 |    19 |     1 ||    29
  Dodge: Dodged            |    73 |    67 |    14 ||   154

Table legend: (Time is in decaauts)
 A = Elapsed time spent in this place.
 B = Non-inter-level travel time spent in this place.
 C = Inter-level travel time spent in this place.
 D = Time resting spent in this place.
 E = Time spent auto-exploring this place.
 F = Levels seen in this place.
 G = Mean time per level.
                   A        B        C        D        E       F      G
               +--------+--------+--------+--------+--------+-----+--------+
         Total |   3464 |   3371 |     93 |    204 |   2492 |   5 |  692.8 |
       Dungeon |   3464 |   3371 |     93 |    204 |   2492 |   5 |  692.8 |
               +--------+--------+--------+--------+--------+-----+--------+

Top non-repeatable levels by time:
     D:4: 1171 daAuts
     D:2: 826 daAuts
     D:1: 793 daAuts
     D:3: 663 daAuts
     D:5: 10 daAuts
